 Dungeon Crawl Stone Soup version 0.24-a0-479-g9a978d2894 (webtiles) character file.

Game seed: 9381770142070044993

22230 Gynju the Spear-Bearer (level 12, -6/106 HPs)
             Began as a Minotaur Fighter on July 6, 2019.
             Was a High Priest of Cheibriados.
             Mangled by Rupert
             ... wielding a +0 great mace of crushing
              (29 damage)
             ... on level 5 of the Lair of Beasts.
             The game lasted 00:25:23 (14326 turns).

Gynju the Spear-Bearer (Minotaur Fighter)          Turns: 14326, Time: 00:25:24

Health: -6/106     AC: 20    Str: 40    XL:     12   Next: 61%
Magic:  16/16      EV:  6    Int: 22    God:    Cheibriados [*****.]
Gold:   726        SH:  0    Dex: 24    Spells: 11/11 levels left

rFire    . . .     SeeInvis .   a - +1 trident
rCold    + . .     Gourm    .   b - +0 large shield
rNeg     . . .     Faith    .   K - +2 chain mail {MR+}
rPois    .         Spirit   .   j - +2 hat {Int+3}
rElec    .         Reflect  .   (no cloak)
rCorr    +         Harm     .   I - +2 pair of gloves
MR       +....                  B - +0 pair of boots
Stlth    ..........             J - amulet of inaccuracy (curse)
HPRegen  0.27/turn              u - ring of protection from cold
MPRegen  0.15/turn              A - ring of resist corrosion

@: confused, very slow
A: retaliatory headbutt, horns 2
a: Bend Time, Temporal Distortion, Slouch, Step From Time, Renounce Religion


You were on level 5 of the Lair of Beasts.
You worshipped Cheibriados.
Cheibriados was extremely pleased with you.
You were not hungry.

You visited 3 branches of the dungeon, and saw 15 of its levels.
You also visited: Sewer.

You collected 726 gold pieces.

Inventory:

Hand Weapons
 a - a +1 trident (weapon)
Armour
 b - a +0 large shield (worn)
 j - a +2 hat of intelligence (worn)
 B - a +0 pair of boots (worn)
 I - a +2 pair of gloves (worn)
 K - a +2 chain mail of magic resistance (worn)
Jewellery
 t - an uncursed amulet of regeneration {unknown}
 u - a ring of protection from cold (left hand)
 A - a ring of resist corrosion (right hand)
 J - a cursed amulet of inaccuracy (around neck)
Wands
 c - a wand of scattershot (5)
 r - a wand of acid (8)
 s - a wand of iceblast (8)
 y - a wand of disintegration (13)
Scrolls
 e - 4 scrolls of amnesia
 g - 3 scrolls of blinking
 k - 8 scrolls of teleportation
 m - 5 scrolls of identify
 p - a scroll of enchant armour
 F - 2 scrolls of magic mapping
Potions
 d - a potion of might
 h - 2 potions of haste
 i - 6 potions of degeneration
 l - 3 potions of magic
 n - 3 potions of lignification
 o - a potion of heal wounds
 q - 4 potions of curing
 v - 4 potions of brilliance
 x - 3 potions of berserk rage
 z - a potion of flight
 D - 2 potions of agility
Comestibles
 f - 30 rations


   Skills:
 + Level 10.1 Fighting
 - Level 14.0 Polearms
 + Level 10.2 Armour
 + Level 10.2 Shields
 + Level 7.9 Invocations
 + Level 7.2 Evocations


You had 11 spell levels left.
You didn't know any spells.
Your spell library contained the following spells:

 Spells                   Type           Power        Failure   Level  Hunger
 Apportation              Tloc           #.....       97%         1    ##.....
 Corona                   Hex            #......      97%         1    ##.....
 Magic Dart               Conj           #...         97%         1    ##.....
 Shock                    Conj/Air       #...         97%         1    ##.....
 Summon Butterflies       Summ           #.......     97%         1    ##.....
 Blink                    Tloc           N/A          99%         2    ###....
 Call Imp                 Summ           #.......     99%         2    ###....
 Ensorcelled Hibernation  Hex/Ice        #.....       99%         2    ###....
 Slow                     Hex            #.......     99%         2    ###....
 Swiftness                Chrm/Air       #.......     99%         2    ###....
 Confuse                  Hex            #.......     100%        3    ####...
 Conjure Flame            Conj/Fire      #.......     100%        3    ####...
 Dazzling Spray           Conj/Hex       #.....       100%        3    ####...
 Lesser Beckoning         Tloc           #.........   100%        3    ####...
 Mephitic Cloud           Conj/Pois/Air  #.......     100%        3    ####...
 Static Discharge         Conj/Air       #.......     100%        3    ####...
 Tukima's Dance           Hex            #.......     100%        3    ####...
 Airstrike                Air            #.........   100%        4    #####..
 Alistair's Intoxication  Tmut/Pois      #.......     100%        5    ######.
 Lightning Bolt           Conj/Air       #.........   100%        5    ######.
 Invisibility             Hex            #.......     100%        6    #######


Dungeon Overview and Level Annotations

Branches:
Dungeon (9/15)             Temple (1/1) D:6            Lair (5/6) D:9
 Shoals (0/4) Lair:2       Spider (0/4) Lair:2
  Slime: Lair:5-6       Orc: D:9-12

Altars:
Ashenzari
Cheibriados
Dithmenos
Elyvilon
Fedhas
Gozag
Hepliaklqana
Kikubaaqudgha
Makhleb
Nemelex Xobeh
Okawaru
Qazlal
Ru
Sif Muna
Trog
Uskayaw
Vehumet
Wu Jian
Xom
Yredelemnul
Zin
The Shining One

Annotations:
Lair:3 exclusion: 2 oklob plants
Lair:4 exclusion: oklob plant
Lair:5 Rupert


Innate Abilities, Weirdness & Mutations

You reflexively headbutt those who attack you in melee.
You have a pair of horns on your head.


Message History

Rupert yells loudly at you.
You are confused.
You are too confused!
You are too confused!
You are too confused!
You are too confused!
You are too confused!
You hit the plant but do no damage. You headbutt the plant!
The plant is lightly damaged.
Rupert roars madly and goes into a rage!
Rupert goes berserk!
You miss Rupert. You headbutt Rupert!
Rupert is severely wounded.
Rupert hits you with a +0 great mace of crushing!!!
You impale Rupert!! Your headbutt misses Rupert.
Rupert is almost dead.
Rupert hits you with a +0 great mace of crushing!
* * * LOW HITPOINT WARNING * * *
x2 Rupert hits you with a +0 great mace of crushing!!
You die...

#..............##
#.#....#......#.#
###......##......##
#...(....##.......#
#.....#.####......##
.......## #.....#.#
..."..P######....###
.........#.....P.###
#..........##...@@.#
.##P..P.......P......#
###.....###...[#.....#
##.......######.....##
#...P..#.# .....#
..##....## ##...##
...###..# #.#:.
..####.## #...##
...##..P#


You could see Rupert (berserk).

Vanquished Creatures
  Gastronok (Lair:3)
  Harold (D:9)
  A hydra (D:9)
  Nergalle (Lair:4)
  Pikel (D:4)
  Maurice (D:9)
  A black mamba (Lair:5)
  6 spiny frogs
  6 komodo dragons
  2 jumping spiders (Lair:2)
  Prince Ribbit (D:8)
  12 blink frogs
  5 hippogriffs
  A redback (Lair:2)
  11 yaks
  A wyvern (D:9)
  A steam dragon (D:9)
  Grum (D:8)
  A basilisk (Lair:4)
  4 hogs (D:7)
  A human (D:7)
  2 hungry ghosts
  8 water moccasins
  Duvessa (D:4)
  2 porcupines
  An ice beast (D:8)
  3 orc warriors (D:7)
  2 sky beasts
  A phantom (D:4)
  2 black bears
  3 ogres
  A necrophage (D:8)
  11 wolves
  4 centaurs
  9 crocodiles
  5 big kobolds (Sewer)
  15 bullfrogs
  Dowan (D:4)
  A gnoll sergeant (D:8)
  3 scorpions
  A wight (D:9)
  5 killer bees (D:8)
  2 howler monkeys
  7 crimson imps
  3 centaur zombies
  A jelly (D:9)
  4 orc priests
  6 hounds
  2 orc wizards
  A centaur skeleton (D:9)
  An iguana (D:8)
  4 worker ants
  A worker ant zombie (D:7)
  5 gnolls
  A howler monkey skeleton (D:4)
  9 adders
  2 river rats (Sewer)
  4 shadow imps
  6 oozes
  4 adder skeletons
  4 worms
  7 leopard geckos
  19 orcs
  11 bats
  8 giant cockroaches
  6 goblins
  8 hobgoblins
  10 jackals
  2 quokkas (D:4)
  5 ball pythons
  5 frilled lizards
  14 kobolds
  7 rats
  A plant (Lair:3)
311 creatures vanquished.

Vanquished Creatures (others)
  4 fungi
4 creatures vanquished.

Grand Total: 315 creatures vanquished

Notes
Turn   | Place    | Note
-------+----------+-------------------------------------------
     0 | D:1      | Gynju the Minotaur Fighter began the quest for the Orb.
     0 | D:1      | Reached XP level 1. HP: 19/19 MP: 0/0
    60 | D:1      | Reached skill level 3 in Polearms
    66 | D:1      | Found a shattered altar of Ashenzari.
   119 | D:1      | Reached XP level 2. HP: 25/26 MP: 1/1
   391 | D:2      | Reached skill level 4 in Polearms
   456 | D:2      | Reached XP level 3. HP: 22/31 MP: 2/2
   750 | D:3      | Found a shadowy altar of Dithmenos.
   756 | D:3      | Reached skill level 5 in Polearms
   840 | D:3      | Reached XP level 4. HP: 39/39 MP: 3/3
  1013 | D:3      | Found a burning altar of Makhleb.
  1069 | D:3      | Found a bloodstained altar of Trog.
  1450 | D:4      | Found a glowing silver altar of Zin.
  1450 | D:4      | Noticed a phantom
  1456 | D:4      | Reached skill level 6 in Polearms
  1476 | D:4      | Killed a phantom
  1476 | D:4      | Reached skill level 7 in Polearms
  1476 | D:4      | Reached XP level 5. HP: 36/45 MP: 4/4
  1798 | D:4      | Reached XP level 6. HP: 46/51 MP: 5/5
  2032 | D:4      | Noticed a slave
  2108 | D:4      | Noticed Pikel
  2111 | D:4      | Noticed a slave
  2112 | D:4      | Noticed a slave
  2118 | D:4      | Killed Pikel
  2118 | D:4      | Reached skill level 10 in Polearms
  2118 | D:4      | Reached XP level 7. HP: 44/57 MP: 6/6
  2202 | D:4      | Found a hazy altar of Hepliaklqana.
  2231 | D:4      | Noticed Duvessa
  2231 | D:4      | Noticed Dowan
  2240 | D:4      | Killed Duvessa
  2249 | D:4      | Killed Dowan
  2249 | D:4      | Reached skill level 11 in Polearms
  2478 | D:4      | Reached XP level 8. HP: 56/64 MP: 7/7
  2680 | D:5      | Entered Level 5 of the Dungeon
  2727 | D:5      | Found a glowing drain.
  2746 | Sewer    | Entered a sewer
  3237 | Sewer    | Reached skill level 12 in Polearms
  3803 | D:5      | Reached skill level 13 in Polearms
  4624 | D:5      | Found a radiant altar of Vehumet.
  4628 | D:5      | Found an ornate altar of the Wu Jian Council.
  4919 | D:6      | Found a staircase to the Ecumenical Temple.
  4932 | Temple   | Entered the Ecumenical Temple
  5007 | Temple   | Became a worshipper of Cheibriados the Contemplative
  5192 | D:6      | You fall into a shaft and drop 1 floor!
  5210 | D:7      | Reached XP level 9. HP: 35/70 MP: 8/8
  5506 | D:7      | Reached skill level 14 in Polearms
  5593 | D:7      | Reached * piety under Cheibriados
  5595 | D:7      | Reached skill level 1 in Invocations
  5610 | D:7      | Reached skill level 1 in Evocations
  6101 | D:7      | Reached skill level 5 in Fighting
  6101 | D:7      | Reached skill level 5 in Armour
  6101 | D:7      | Reached skill level 5 in Shields
  6309 | D:7      | Found a shattered altar of Ashenzari.
  6471 | D:6      | Reached ** piety under Cheibriados
  6471 | D:6      | Reached XP level 10. HP: 81/81 MP: 11/11
  6513 | D:6      | Found an iron altar of Okawaru.
  6727 | D:8      | Noticed Grum
  6758 | D:8      | Killed Grum
  7139 | D:8      | Noticed Prince Ribbit
  7148 | D:8      | Killed Prince Ribbit
  7447 | D:8      | Reached *** piety under Cheibriados
  8003 | D:9      | Found a blossoming altar of Fedhas.
  8038 | D:9      | Found a shadowy altar of Dithmenos.
  8060 | D:9      | Found a staircase to the Lair.
  8192 | D:9      | Noticed a four-headed hydra
  8205 | D:9      | Killed a four-headed hydra
  8529 | D:9      | Found a sacrificial altar of Ru.
  8529 | D:9      | Noticed Maurice
  8548 | D:9      | Killed Maurice
  8548 | D:9      | Reached skill level 5 in Invocations
  8909 | D:9      | Found a basalt altar of Yredelemnul.
  8975 | D:9      | Found a deep blue altar of Sif Muna.
  8993 | D:9      | Noticed Harold
  8999 | D:9      | Killed Harold
  8999 | D:9      | Reached XP level 11. HP: 89/92 MP: 13/13
  9362 | Lair:1   | Entered Level 1 of the Lair of Beasts
  9444 | D:9      | Reached **** piety under Cheibriados
  9447 | D:9      | Reached skill level 5 in Evocations
 10250 | Lair:1   | You fall into a shaft and drop 1 floor!
 10284 | Lair:1   | Reached ***** piety under Cheibriados
 10312 | Lair:1   | HP: 2/95 [spiny frog (19)]
 11020 | Lair:2   | Found a hole to the Spider Nest.
 11183 | Lair:2   | Found a staircase to the Shoals.
 11188 | Lair:2   | Reached XP level 12. HP: 99/104 MP: 16/16
 11940 | Lair:3   | Noticed Gastronok
 11955 | Lair:3   | Killed Gastronok
 13585 | Lair:4   | Reached skill level 10 in Shields
 13607 | Lair:4   | Reached skill level 10 in Armour
 13623 | Lair:4   | Found a burning altar of Makhleb.
 13738 | Lair:4   | Noticed Nergalle
 13761 | Lair:4   | Killed Nergalle
 13872 | Lair:4   | Reached skill level 10 in Fighting
 14314 | Lair:5   | Noticed Rupert
 14326 | Lair:5   | Mangled by Rupert

Levels and vault maps discovered:
D:1:      ebering_hopf_link, layout_rooms, nicolae_ashenzari_panopticon
D:2:      layout_rooms
D:3:      layout_basic, lemuel_doored_altar, lemuel_crystal_altar,
          trog_butcher_becter
D:4:      layout_basic, old_standard_altar, kennysheep_mini, serial_curves,
          eino_curves_02, eino_curves_01, cheibrodos_gnoll_hut, uniq_pikel,
          uniq_duvessa
D:5:      layout_layer_cave, nicolae_overflow_hidden_temple,
          cheibrodos_sewer_entry_sluice, first_ration, serial_park_tiny_1
D:6:      layout_gridville, lemuel_round_altar, minmay_temple_entry_junction
D:7:      layout_gridville, lemuel_coloured_pillars_altar, grunt_livestock
D:8:      layout_basic, uniq_prince_ribbit1, uniq_grum
D:9:      layout_long_grid, old_standard_altar, lemuel_crystal_altar,
          fedhas_ov_isle_minmay, nicolae_overflow_crystal_walls,
          dpeg_oklobed_lair, basic_altar, nrook_pool_corridor,
          minmay_diced_spiral, uniq_harold, uniq_maurice
Temple:   eino_temple_lava
Lair:1:   layout_cave_shapes
Lair:2:   layout_regular_city, shoals_dummy_entry, spider_nest_entry_a,
          serial_bayou_shore_b
Lair:3:   layout_layer_cave, lemuel_fruit_fields, lemuel_fruit_fields,
          serial_bayou_shore_b, grunt_megastairs_2, minmay_lair_oklob_chamber,
          uniq_gastronok
Lair:4:   layout_regular_city, lemuel_oklob_altar, infiniplex_staircase_pool_2,
          uniq_nergalle
Lair:5:   layout_misc_corridors, slime_altar_1, uniq_rupert

Skill      XL: |  1  2  3  4  5  6  7  8  9 10 11 12 |
---------------+-------------------------------------+-----
Polearms       | 3 4 5 7 10 11 13 14 | 14.0
Fighting       | 5 7 9 10 | 10.1
Armour         | 5 7 9 10 | 10.2
Shields        | 5 7 9 10 | 10.2
Invocations    | 3 5 6 7 |  7.9
Evocations     | 2 4 6 7 |  7.2

Action                   |  1- 3 |  4- 6 |  7- 9 | 10-12 || total
-------------------------+-------+-------+-------+-------++-------
Melee: Trident           |    91 |   134 |   439 |   622 ||  1286
       Headbutt          |    17 |    15 |    65 |   175 ||   272
Invok: Bend Time         |       |       |       |     4 ||     4
  Use: Scroll            |       |       |    16 |     9 ||    25
       Potion            |       |       |       |     2 ||     2
  Eat: Chunk             |       |     4 |    15 |    10 ||    29
       Ration            |       |       |       |     1 ||     1
Armor: Scale mail        |    20 |    47 |    42 |       ||   109
       Chain mail        |       |       |    40 |   160 ||   200
Dodge: Dodged            |    18 |    23 |    38 |    67 ||   146
Block: Shield            |    26 |    42 |    77 |       ||   145
       Large shield      |       |       |    84 |   483 ||   567

Table legend:
 A = Non-vault XP
 B = Vault XP
 C = Vault XP percentage of total XP
 D = Non-vault monster count
 E = Vault monster count
 F = Vault count percentage of total count
                 A         B        C        D         E       F
            +---------+---------+-------+---------+---------+-------
      Total |   22436 |    9322 |  29.4 |     246 |      64 |  20.6
            +---------+---------+-------+---------+---------+-------
        D:1 |      26 |       0 |   0.0 |      17 |       0 |   0.0
        D:2 |      49 |       0 |   0.0 |      15 |       0 |   0.0
        D:3 |      45 |       8 |  15.1 |      20 |       4 |  16.7
        D:4 |     347 |    1004 |  74.3 |      21 |       6 |  22.2
        D:5 |     373 |       6 |   1.6 |      13 |       4 |  23.5
        D:6 |     518 |       0 |   0.0 |      12 |       0 |   0.0
        D:7 |    1595 |     968 |  37.8 |      30 |       5 |  14.3
        D:8 |    1210 |     939 |  43.7 |      22 |       6 |  21.4
        D:9 |    4963 |    1629 |  24.7 |      31 |       5 |  13.9
     Lair:1 |    5017 |       0 |   0.0 |      25 |       0 |   0.0
     Lair:2 |    2536 |     835 |  24.8 |      12 |       3 |  20.0
     Lair:3 |    1315 |    2523 |  65.7 |       5 |       2 |  28.6
     Lair:4 |    3364 |     800 |  19.2 |      19 |       1 |   5.0
     Lair:5 |    1078 |       0 |   0.0 |       4 |       0 |   0.0
      Sewer |       0 |     610 | 100.0 |       0 |      28 | 100.0
            +---------+---------+-------+---------+---------+-------
